 Dungeon Crawl Stone Soup version 0.28-a0-655-g4eb62b627b (webtiles) character file.

Game seed: 17853232519087087095

362 kae the Ruffian (level 6, -2/51 HPs)
             Began as a Draconian Transmuter on Oct 12, 2021.
             Slain by a bullfrog (7 damage)
             ... on level 4 of the Dungeon.
             The game lasted 00:03:07 (5376 turns).

kae the Ruffian (Draconian Transmuter)              Turns: 5376, Time: 00:03:08

Health: -2/51      AC:  6    Str: 12    XL:     6   Next: 39%
Magic:  9/9        EV: 12    Int: 16    God:
Gold:   40         SH:  0    Dex: 11    Spells: 1/9 levels left

rFire   + . .      SeeInvis .   c - +3 whip (freeze)
rCold   + . .      Faith    .   (no shield)
rNeg    . . .      Spirit   .   (armour unavailable)
rPois   .          Reflect  .   (helmet restricted)
rElec   .          Harm     .   n - scarf {rC+ rF+}
rCorr   +          Rampage  .   (no gloves)
Will    .....                   (no boots)
Stlth   +.........              (no amulet)
HPRegen 0.17/turn               g - ring of resist corrosion
MPRegen 0.11/turn               (no ring)

@: no status effects
A: AC +6, unfitting armour, cold-blooded
a: no special abilities


You were on level 4 of the Dungeon.
You visited 1 branch of the dungeon, and saw 5 of its levels.

You collected 130 gold pieces.
You spent 90 gold pieces at shops.

Inventory:

Hand Weapons
 c - a +3 whip of freezing (weapon)
Missiles
 a - a throwing net
Armour
 n - a scarf of resistance (worn)
Jewellery
 g - a ring of resist corrosion (left hand)
Wands
 f - a wand of paralysis (5)
 o - a wand of mindburst (13)
Scrolls
 d - a scroll of noise
 j - a scroll of identify
 m - a scroll of enchant armour {unknown}
Potions
 b - 2 potions of flight
 e - a potion of curing
 h - 2 potions of heal wounds {unknown}
 i - a potion of cancellation {unknown}
 k - a potion of might {unknown}
 l - a potion of mutation {unknown}


   Skills:
 + Level 3.1 Fighting
 - Level 1.7 Dodging
 * Level 5.2 Unarmed Combat
 - Level 2.0 Spellcasting
 + Level 3.4 Transmutations
 * Level 1.3 Ice Magic
 - Level 2.0 Poison Magic


You had one spell level left.
You knew the following spells:

 Your Spells              Type           Power      Damage    Failure   Level
a - Beastly Appendage     Tmut           24%        N/A       4%          1
b - Spider Form           Tmut/Pois      5%         N/A       21%         3
c - Ice Form              Ice/Tmut       9%         N/A       61%         4

Your spell library contained the following spells:

 Spells                   Type           Power      Damage    Failure   Level
 Summon Small Mammal      Summ           4%         N/A       21%         1
 Wereblood                Tmut           12%        N/A       8%          2
 Call Canine Familiar     Summ           1%         N/A       52%         3
 Summon Guardian Golem    Hex/Summ       1%         N/A       52%         3


Dungeon Overview and Level Annotations

Branches:
Dungeon (5/15)             Temple (0/1) D:4

Altars:
Dithmenos
Zin
Beogh


Innate Abilities, Weirdness & Mutations

Your plain brown scales are hard. (AC +6)
You cannot fit into any form of body armour.
You are cold-blooded and may be slowed by cold attacks.


Message History

The quokka twitches its whiskers.
The quokka barely misses you. The quokka bites you.
* * * LOW HITPOINT WARNING * * *
The quokka barely misses you.
A bullfrog comes into view.
The bullfrog croaks.
The bullfrog barely misses you.
The quokka bites you but does no damage.
The bullfrog closely misses you. The bullfrog misses you.
The quokka completely misses you. The quokka barely misses you.
You see here a +0 robe.
The bullfrog hits you but does no damage.
A dart slug comes into view.
The gnoll barely misses you. The gnoll closely misses you.
The bullfrog hits you but does no damage.
The dart slug launches a dart at you. The slug dart misses you.
The gnoll hits you from afar with a +0 spear.
* * * LOW HITPOINT WARNING * * *
The bullfrog closely misses you. The bullfrog misses you.
The dart slug launches a dart at you. The slug dart hits you.
* * * LOW HITPOINT WARNING * * *
The bullfrog hits you.
* * * LOW HITPOINT WARNING * * *
The iguana misses you.
There is a stone staircase leading up here.
The bullfrog hits you but does no damage.
The quokka misses you. The bullfrog completely misses you.
The quokka bites you.
* * * LOW HITPOINT WARNING * * *
You climb upwards.
There is a stone staircase leading down here.
The quokka bites you but does no damage.
The bullfrog hits you!
You die...

♣.P≈......###.# #...# #≈P≈
♣♣♣♣#########.#### #...####P≈P
.♣......##.......# #...≈.###≈P
#.).....##.##.##.######.P♣♣≈.....
♣.......##.##(##....<....♣≈♣P...#
...........##.............P≈<....
..<.....#........>...............
........#......rF######...####...
........#.......@# #........≈≈
..#######.....##.## ###...#####≈≈
..# ##.##.....# #......# #P♣P
#.########.....⌠..# #.#....# ♣♣P≈
.........####.....# #.#....#♣♣≈≈.
...#####.....⌠.>.⌠# #.##...♣♣≈≈P.
.#..# #####......# #.###..♣♣≈≈≈.
###.## ##..⌠..###.###..♣♣♣≈≈.
#..# #..............♣♣♣≈≈.


You could see a bullfrog and a quokka.

Vanquished Creatures
  A necrophage (D:4)
  A water moccasin skeleton (D:4)
  A centaur skeleton (D:4)
  2 iguanas
  3 gnolls (D:2)
  4 adders
  2 worms (D:2)
  4 dart slugs
  3 orcs
  10 endoplasms
  3 giant cockroaches (D:1)
  11 goblins
  7 hobgoblins
  3 jackals (D:1)
  2 quokkas
  3 ball pythons
  8 bats
  7 kobolds
  3 rats
78 creatures vanquished.

Vanquished Creatures (others)
  17 plants (D:4)
17 creatures vanquished.

Grand Total: 95 creatures vanquished

Notes
Turn   | Place    | Note
-------+----------+-------------------------------------------
     0 | D:1      | kae the Draconian Transmuter began the quest for the Orb.
     0 | D:1      | Reached XP level 1. HP: 16/16 MP: 3/3
   214 | D:1      | Reached XP level 2. HP: 16/23 MP: 3/5
   830 | D:1      | Reached XP level 3. HP: 23/29 MP: 6/6
   965 | D:1      | Learned a level 3 spell: Spider Form
  1077 | D:1      | Found a faded altar of an unknown god.
  1687 | D:2      | Reached skill level 1 in Poison Magic
  1824 | D:2      | Reached XP level 4. HP: 18/36 MP: 0/7
  1997 | D:2      | Reached skill level 4 in Unarmed Combat
  3380 | D:3      | Reached XP level 5. HP: 39/42 MP: 8/8
  4133 | D:4      | Noticed a necrophage
  4602 | D:4      | Found a staircase to the Ecumenical Temple.
  4619 | D:4      | Learned a level 4 spell: Ice Form
  4694 | D:4      | Killed a necrophage
  4695 | D:4      | Reached skill level 5 in Unarmed Combat
  4695 | D:4      | Reached skill level 1 in Ice Magic
  4695 | D:4      | Reached XP level 6. HP: 36/51 MP: 6/9
  5072 | D:4      | Found a shadowy altar of Dithmenos.
  5220 | D:5      | Entered Level 5 of the Dungeon
  5283 | D:5      | Found Zin's Purification Station.
  5283 | D:5      | Found a glowing silver altar of Zin.
  5292 | D:5      | Bought a potion of curing for 90 gold pieces
  5326 | D:5      | HP: 1/51 [gnoll (7)]
  5376 | D:4      | Slain by a bullfrog

Illustrated notes

Levels and vault maps discovered:
D:1:      wander_arrival_peaceful_grave, layout_loops_ring,
          hellmonk_ecumenical_altar_defaced_shrine, chequers_avenue
D:2:      layout_basic
D:3:      layout_loops_corners, minmay_misc_feat_secret_circle
D:4:      layout_loops_cross, nicolae_dithmenos_the_darkroom, temple_fountains,
          serial_bayou, serial_bayou_lagoon_a, serial_bayou_ford_a,
          serial_bayou_pond_d, serial_bayou_pond_a, serial_bayou_crossing,
          serial_bayou_pond_a, minmay_misc_feat_five, minmay_tree_intersection,
          serial_park_tiny_pond, serial_park_tiny_2
D:5:      layout_cave_pools, zin_purify, st_stairs_3

Skill      XL: |  1  2  3  4  5 |
---------------+----------------+-----
Fighting       | 2 3 |  3.1
Poison Magic   | 1 2 |  2.0
Unarmed Combat | 4 5 |  5.2
Transmutations | 3 |  3.4
Ice Magic      | 1 |  1.3
Dodging        | |  1.7
Spellcasting   | |  2.0

Action                   |  1- 3 |  4- 6 || total
-------------------------+-------+-------++-------
Melee: Unarmed           |    25 |    37 ||    62
       Headbutt          |     9 |    12 ||    21
       Kick              |     9 |     8 ||    17
       Whip              |    79 |   113 ||   192
       Tailslap          |     7 |     8 ||    15
       Punch             |     1 |     2 ||     3
 Cast: Beastly Appendage |    18 |    23 ||    41
       Spider Form       |       |     5 ||     5
  Use: Scroll            |       |     6 ||     6
       Potion            |       |     1 ||     1
 Stab: Sleeping          |     1 |       ||     1
Armor: Skin              |    42 |    43 ||    85
Dodge: Dodged            |    74 |   115 ||   189

Table legend: (Time is in decaauts)
 A = Elapsed time spent in this place.
 B = Non-inter-level travel time spent in this place.
 C = Inter-level travel time spent in this place.
 D = Time resting spent in this place.
 E = Time spent auto-exploring this place.
 F = Levels seen in this place.
 G = Mean time per level.
                   A        B        C        D        E       F      G
               +--------+--------+--------+--------+--------+-----+--------+
         Total |   5421 |   5298 |    123 |    259 |   4248 |   5 | 1084.2 |
       Dungeon |   5421 |   5298 |    123 |    259 |   4248 |   5 | 1084.2 |
               +--------+--------+--------+--------+--------+-----+--------+

Top non-repeatable levels by time:
     D:1: 1587 daAuts
     D:3: 1340 daAuts
     D:2: 1272 daAuts
     D:4: 1066 daAuts
     D:5: 154 daAuts
